 Dungeon Crawl Stone Soup version 0.25-a0-513-ge77a69270c (webtiles) character file.

Game seed: 17218702866648720097, levelgen mode: deterministic

457 ReteAZ the Shield-Bearer (level 7, 0/56 HPs)
             Began as a Gnoll Wanderer on Feb 16, 2020.
             Succumbed to an adder's poison
             ... in a sewer.
             The game lasted 00:07:39 (4063 turns).

ReteAZ the Shield-Bearer (Gnoll Wanderer)           Turns: 4063, Time: 00:07:39

Health: 0/56       AC:  7    Str: 15    XL:     7   Next: 6%
Magic:  12/12      EV: 12    Int: 17    God:
Gold:   84         SH:  0    Dex: 13    Spells: 12/13 levels left

rFire    . . .     SeeInvis .   b - +1 short sword
rCold    . . .     Gourm    .   (no shield)
rNeg     . . .     Faith    .   q - +2 leather armour {MR+}
rPois    .         Spirit   .   (no helmet)
rElec    .         Reflect  .   p - +1 cloak
rCorr    .         Harm     .   (no gloves)
MR       +....                  (no boots)
Stlth    +.........             (no amulet)
HPRegen  0.18/turn              (no ring)
MPRegen  0.13/turn              (no ring)

@: lethally poisoned (0 -> -1), very slightly contaminated, very slow
A: distributed training, fangs 1, strong nose
a: no special abilities


You were in a sewer.
You were near starving.

You visited 1 branch of the dungeon, and saw 3 of its levels.
You also visited: Sewer.

You collected 84 gold pieces.

Inventory:

Hand Weapons
 a - a +0 club
 b - a +1 short sword (weapon)
Armour
 d - a +0 robe
 h - a +0 ring mail
 p - a +1 cloak (worn)
 q - a +2 leather armour of magic resistance (worn)
Scrolls
 e - 6 scrolls of identify
 i - a scroll of remove curse
 m - a scroll of enchant weapon
Comestibles
 c - 2 chunks of flesh
 f - 8 rations


   Skills:
 + Level 5.1 Fighting
 + Level 2.2 Short Blades
 + Level 2.2 Long Blades
 + Level 2.2 Axes
 + Level 2.2 Maces & Flails
 + Level 2.2 Polearms
 + Level 2.2 Staves
 + Level 2.2 Slings
 + Level 2.2 Bows
 + Level 2.2 Crossbows
 + Level 2.2 Throwing
 + Level 2.2 Armour
 + Level 2.2 Dodging
 + Level 3.2 Stealth
 + Level 5.1 Shields
 + Level 2.2 Unarmed Combat
 + Level 3.6 Spellcasting
 + Level 1.7 Conjurations
 + Level 1.7 Hexes
 + Level 1.7 Charms
 + Level 1.7 Summonings
 + Level 1.7 Necromancy
 + Level 1.7 Translocations
 + Level 1.7 Transmutations
 + Level 4.2 Fire Magic
 + Level 1.7 Ice Magic
 + Level 1.7 Air Magic
 + Level 4.2 Earth Magic
 + Level 1.7 Poison Magic
 + Level 2.4 Invocations
 + Level 2.2 Evocations


You had 12 spell levels left.
You knew the following spells:

 Your Spells              Type           Power        Failure   Level  Hunger
a - Sandblast             Erth           ###...       3%          1    None

Your spell library contained the following spells:

 Spells                   Type           Power        Failure   Level  Hunger
 Passwall                 Tmut/Erth      ##......     9%          2    ##.....
 Animate Skeleton         Necr           N/A          10%         1    None
 Apportation              Tloc           #.....       10%         1    None
 Corona                   Hex            #......      10%         1    None
 Summon Small Mammal      Summ           #...         10%         1    None
 Corpse Rot               Necr/Air       N/A          14%         2    ##.....
 Sublimation of Blood     Necr           #.........   14%         2    ##.....
 Stone Arrow              Conj/Erth      ##....       19%         3    ###....
 Petrify                  Tmut/Erth      ##......     52%         4    ####...
 Lee's Rapid Deconstruct  Erth           ###.......   69%         5    ######.


Dungeon Overview and Level Annotations

Branches:
Dungeon (3/15)              Sewer (1/1)

Altars:
Kikubaaqudgha
Vehumet


Innate Abilities, Weirdness & Mutations

Your experience applies equally to all skills.
You have very sharp teeth.
Your uncanny sense of smell can sniff out nearby items.


Message History

It was a scroll of fear.
* * * LOW HITPOINT WARNING * * *
You feel sick.
As you read the scroll labeled YRE BALOKIOMNIBOU, it crumbles to dust.
It is a scroll of identify.
You don't have any unidentified items.
You enter the shallow water.
Moving in this stuff is going to be slow.
* * * LOW HITPOINT WARNING * * *
You feel sick.
* * * LOW HITPOINT WARNING * * *
You feel sick.
A worm and an ooze come into view.
* * * LOW HITPOINT WARNING * * *
You feel sick.
You enter the shallow water.
Moving in this stuff is going to be slow.
You enter the shallow water.
Moving in this stuff is going to be slow.
You die...

******* ****##*##
*,*,*,* #.*.#.*.#
*≈*≈*≈* #≈*K#≈*≈#
*≈*≈*≈* #≈*≈#≈*≈#
*≈*≈*≈* *≈#≈#w#≈#
≈,*≈,,* *≈≈≈#≈J≈#
≈***≈** *#≈###.##
≈* *,* #.# #@#
≈***,* #≈###≈#
,≈,≈,* #≈≈≈≈≈#
*,,≈** ##≈≈≈##
*≈,≈* #≈≈≈# *≈≈.*
#≈≈≈# *≈≈.#*
##...# *.≈..#*
##≈≈≈≈# *******
*.≈.≈≈#####≈..≈.#
*****≈≈≈≈,*


You could see a worm and an ooze.

Vanquished Creatures
  3 big kobolds (Sewer)
  An orc priest (D:3)
  An orc wizard (D:3)
  9 adders
  2 river rats
  An ooze (Sewer)
  4 worms
  2 dart slugs
  A leopard gecko (D:1)
  4 orcs (D:3)
  4 bats
  5 giant cockroaches
  8 goblins (D:1)
  6 hobgoblins
  10 jackals (D:1)
  A kobold (D:1)
  4 ball pythons
  4 frilled lizards
  15 rats
85 creatures vanquished.

Notes
Turn   | Place    | Note
-------+----------+-------------------------------------------
     0 | D:1      | ReteAZ the Gnoll Wanderer began the quest for the Orb.
     0 | D:1      | ReteAZ set off with the following items: a +0 club, a
                  | potion of curing, a +0 robe, a ration; and the following
                  | spell memorised: Sandblast; and the following spells
                  | available to memorise: Passwall, Stone Arrow, Corpse Rot,
                  | Sublimation of Blood, Petrify, Lee's Rapid Deconstruction
     0 | D:1      | Reached XP level 1. HP: 20/20 MP: 4/4
   338 | D:1      | Reached XP level 2. HP: 18/26 MP: 5/5
   733 | D:1      | Reached XP level 3. HP: 31/31 MP: 7/7
  1178 | D:1      | Reached skill level 1 in Invocations
  1545 | D:2      | Reached skill level 1 in Short Blades
  1545 | D:2      | Reached skill level 1 in Long Blades
  1545 | D:2      | Reached skill level 1 in Axes
  1545 | D:2      | Reached skill level 1 in Maces & Flails
  1545 | D:2      | Reached skill level 1 in Polearms
  1545 | D:2      | Reached skill level 1 in Staves
  1545 | D:2      | Reached skill level 1 in Slings
  1545 | D:2      | Reached skill level 1 in Bows
  1545 | D:2      | Reached skill level 1 in Crossbows
  1545 | D:2      | Reached skill level 1 in Throwing
  1545 | D:2      | Reached skill level 1 in Armour
  1545 | D:2      | Reached skill level 1 in Dodging
  1545 | D:2      | Reached skill level 1 in Unarmed Combat
  1545 | D:2      | Reached skill level 1 in Evocations
  1579 | D:2      | Reached XP level 4. HP: 38/38 MP: 6/8
  1925 | D:2      | Found an ancient bone altar of Kikubaaqudgha.
  2175 | D:3      | Reached skill level 1 in Conjurations
  2175 | D:3      | Reached skill level 1 in Hexes
  2175 | D:3      | Reached skill level 1 in Charms
  2175 | D:3      | Reached skill level 1 in Summonings
  2175 | D:3      | Reached skill level 1 in Necromancy
  2175 | D:3      | Reached skill level 1 in Translocations
  2175 | D:3      | Reached skill level 1 in Transmutations
  2175 | D:3      | Reached skill level 1 in Ice Magic
  2175 | D:3      | Reached skill level 1 in Air Magic
  2175 | D:3      | Reached skill level 1 in Poison Magic
  2372 | D:3      | Reached XP level 5. HP: 24/43 MP: 5/9
  2388 | D:3      | HP: 2/43 [orc priest/divine providence (12)]
  2569 | D:3      | Found a radiant altar of Vehumet.
  2662 | D:3      | Found a glowing drain.
  2722 | Sewer    | Entered a sewer
  2920 | Sewer    | Noticed a big kobold
  2969 | Sewer    | Killed a big kobold
  2969 | Sewer    | Reached XP level 6. HP: 22/50 MP: 9/11
  3562 | Sewer    | Reached skill level 5 in Fighting
  3562 | Sewer    | Reached skill level 5 in Shields
  3654 | Sewer    | HP: 1/51 [big kobold/+0 whip (5)]
  4009 | Sewer    | Reached XP level 7. HP: 36/56 MP: 12/12
  4050 | Sewer    | HP: 2/56 [poisoned by an adder]
  4055 | Sewer    | HP: 1/56 [poisoned by an adder]
  4060 | Sewer    | HP: 1/56 [poisoned by an adder]
  4063 | Sewer    | Succumbed to an adder's poison

Levels and vault maps discovered:
D:1:      tarquinn_simple_flora_water_e, layout_loops_ring, minmay_nonomino_d4
D:2:      lemuel_upstairs_altar, layout_rooms, overflow_temple_1_default
D:3:      layout_loops_corners, fiery_altar_vehumet, portal_sewer_entry_c,
          dk_vineyard_2, minmay_fountain_box
Sewer:    sewer_co_tree

Skill      XL: |  1  2  3  4  5  6 |
---------------+-------------------+-----
Invocations    | 1 2 |  2.4
Short Blades   | 1 2 |  2.2
Long Blades    | 1 2 |  2.2
Axes           | 1 2 |  2.2
Maces & Flails | 1 2 |  2.2
Polearms       | 1 2 |  2.2
Staves         | 1 2 |  2.2
Slings         | 1 2 |  2.2
Bows           | 1 2 |  2.2
Crossbows      | 1 2 |  2.2
Throwing       | 1 2 |  2.2
Armour         | 1 2 |  2.2
Dodging        | 1 2 |  2.2
Unarmed Combat | 1 2 |  2.2
Evocations     | 1 2 |  2.2
Spellcasting   | 3 |  3.6
Conjurations   | 1 |  1.7
Hexes          | 1 |  1.7
Charms         | 1 |  1.7
Summonings     | 1 |  1.7
Necromancy     | 1 |  1.7
Translocations | 1 |  1.7
Transmutations | 1 |  1.7
Ice Magic      | 1 |  1.7
Air Magic      | 1 |  1.7
Poison Magic   | 1 |  1.7
Fire Magic     | 4 |  4.2
Earth Magic    | 4 |  4.2
Stealth        | 3 |  3.2
Fighting       | 5 |  5.1
Shields        | 5 |  5.1

Action                   |  1- 3 |  4- 6 |  7- 9 || total
-------------------------+-------+-------+-------++-------
Melee: Short sword       |   154 |   294 |    27 ||   475
       Club              |     4 |       |       ||     4
       Bite              |    12 |    27 |       ||    39
       Punch             |       |     1 |     1 ||     2
 Cast: Sandblast         |     2 |    20 |       ||    22
  Use: Potion            |       |     3 |       ||     3
       Scroll            |       |       |     7 ||     7
 Stab: Sleeping          |     1 |     1 |       ||     2
  Eat: Chunk             |     2 |     7 |       ||     9
Armor: Robe              |     3 |       |       ||     3
       Ring mail         |    52 |    11 |       ||    63
       Leather armour    |       |    77 |     7 ||    84
Dodge: Dodged            |    89 |   175 |    24 ||   288

Table legend:
 A = Non-vault XP
 B = Vault XP
 C = Vault XP percentage of total XP
 D = Non-vault monster count
 E = Vault monster count
 F = Vault count percentage of total count
                 A         B        C        D         E       F
            +---------+---------+-------+---------+---------+-------
      Total |     254 |     400 |  61.2 |      60 |      25 |  29.4
            +---------+---------+-------+---------+---------+-------
        D:1 |      58 |       7 |  10.8 |      33 |       4 |  10.8
        D:2 |      65 |       0 |   0.0 |      14 |       0 |   0.0
        D:3 |     131 |      21 |  13.8 |      13 |       8 |  38.1
      Sewer |       0 |     372 | 100.0 |       0 |      13 | 100.0
            +---------+---------+-------+---------+---------+-------
